 Dungeon Sprint DCSS version 0.17.2-1-ge4368a0 (webtiles) character file.

44 hexophile the Ruffian (level 3, -2/40 HPs)
             Began as a Troll Monk on Oct 15, 2016.
             Slain by a phantom (4 damage)
             ... in the Dungeon (Sprint IX: "|||||||||||||||||||||||||||||").
             The game lasted 00:00:23 (47 turns).

hexophile the Ruffian (Troll Monk)                    Turns: 47, Time: 00:00:23

Health: -2/40      AC:  5    Str: 20    XL:     3   Next: 41%
Magic:  2/2        EV: 10    Int:  6    God:
Gold:   0          SH:  0    Dex: 12    Spells: 0 memorised, 2 levels left

rFire  . . .     SeeInvis .       - Unarmed
rCold  . . .     Clarity  .     a - +0 robe
rNeg   . . .     SustAt   .     (no shield)
rPois  .         Gourm    +     (helmet restricted)
rElec  .         Spirit   .     (no cloak)
rCorr  .         Warding  .     (gloves unavailable)
rMut   .         NoTele   +     (boots unavailable)
MR     .....                    (no amulet)
Stlth  +.........               (no ring)
                                (no ring)

@: glowing, not resistant to hostile enchantments, very unstealthy
A: unfitting armour, claws 3, fast metabolism 3, gourmand, regeneration 2,
shaggy fur 1, tough skin 2
a: no special abilities


You were in the Dungeon.
You were not hungry.

You visited 1 branch


Innate Abilities, Weirdness & Mutations

You are too large for most types of armour.
You have claws for hands.
Your metabolism is lightning-fast.
You like to eat raw meat.
You heal very quickly.
You are covered in fur (AC +1).
You have very tough skin (AC +2).

Inventory:

Armour
 a - a +0 robe (worn)
Scrolls
 h - a scroll of blinking
Potions
 c - a potion of curing
 d - a potion of heal wounds
 e - a potion of haste
 f - 2 potions of magic
 g - a potion of berserk rage
Comestibles
 b - 6 chunks of flesh
 r - 2 bread rations


You had 2 spell levels left.
You didn't know any spells.


   Skills:
 * Level 4.6 Fighting
 - Level 2.4 Dodging
 - Level 1.1 Stealth
 * Level 6.3 Unarmed Combat

Dungeon Overview and Level Annotations

Branches:
Dungeon (1/1)

Altars:

Vault maps used:
D:        linesprint
You       could see a phantom.


Message History

You kill the gnoll!
The phantom blinks!
Things that are here:
a spear; a gnoll corpse You closely miss the giant cockroach.
The giant cockroach barely misses you.
You closely miss the giant cockroach. The giant cockroach bites you.
You lost 1 HP.
You have now: 24/40 HP.
You claw the giant cockroach!
You kill the giant cockroach!
The phantom hits you but does no damage.
You scratch the giant gecko zombie. The giant gecko zombie misses you.
The phantom hits you.
You lost 2 HP.
You have now: 23/40 HP.
You barely miss the giant gecko zombie.
The giant gecko zombie barely misses you.
The phantom closely misses you.
You scratch the giant gecko zombie. The giant gecko zombie bites you.
You lost 2 HP.
You have now: 22/40 HP.
You closely miss the giant gecko zombie.
The phantom hits you.
* * * LOW HITPOINT WARNING * * *
The phantom blinks!
The giant gecko zombie bites you but does no damage.
You lost 6 HP.
You have now: 16/40 HP.
You scratch the giant gecko zombie.
You destroy the giant gecko zombie!
The phantom closely misses you.
You see here a giant cockroach corpse.
You scratch the phantom.
The phantom is lightly damaged.
The phantom hits you.
* * * LOW HITPOINT WARNING * * *
You lost 3 HP.
You have now: 14/40 HP.
You claw the phantom!
The phantom is heavily damaged.
The phantom hits you but does no damage.
You scratch the phantom.
The phantom is severely damaged.
The phantom hits you!
* * * LOW HITPOINT WARNING * * *
You lost 8 HP.
You have now: 6/40 HP.
You closely miss the phantom.
The phantom is severely damaged.
The phantom hits you.
* * * LOW HITPOINT WARNING * * *
You lost 5 HP.
You have now: 1/40 HP.
You claw the phantom!
The phantom is almost destroyed.
The phantom hits you.
You die...

Action                   || total
-------------------------++-------
Melee: Unarmed           ||    26
 Stab: Sleeping          ||     1

Notes
Turn   | Place    | Note
--------------------------------------------------------------
     0 | D        | hexophile the Troll Monk began the quest for the Orb.
     0 | D        | Reached XP level 1. HP: 22/22 MP: 0/0
    11 | D        | Reached skill level 3 in Fighting
    25 | D        | Noticed a gnoll shaman
    25 | D        | Noticed a phantom
    30 | D        | Killed a gnoll shaman
    30 | D        | Reached skill level 4 in Fighting
    30 | D        | Reached skill level 6 in Unarmed Combat
    30 | D        | Reached XP level 2. HP: 21/33 MP: 1/1
    30 | D        | Reached XP level 3. HP: 25/40 MP: 2/2
    46 | D        | HP: 1/40 [phantom (5)]
    47 | D        | Slain by a phantom

Table legend:
 A = Turns spent in this place as a percentage of turns spent in the entire game.
 B = Non-inter-level travel turns spent in this place as a percentage of non-inter-level travel turns spent in the entire game.
 C = Inter-level travel turns spent in this place as a percentage of turns spent in this place.
 D = Turns resting spent in this place as a percentage of non-inter-level travel turns spent in this place.
 E = Turns spent auto-exploring this place as a percentage of non-inter-level travel turns spent in this place.
 F = Non-inter-level travel turns spent in this place divided by the number of levels of this place that you've seen.
                   A       B       C       D       E      F
               +-------+-------+-------+-------+-------+----------------------
         Total | 100.0 | 100.0 |   0.0 |   0.0 |   0.0 |  49.0
       Dungeon | 100.0 | 100.0 |   0.0 |   0.0 |   0.0 |  49.0
               +-------+-------+-------+-------+-------+----------------------

Table legend:
 A = Kills in this place as a percentage of kills in entire the game.
 B = Kills by you in this place as a percentage of kills by you in the entire game.
 C = Kills by friends in this place as a percentage of kills by friends in the entire game.
 D = Other kills in this place as a percentage of other kills in the entire game.
 E = Experience gained in this place as a percentage of experience gained in the entire game.
 F = Experience gained in this place divided by the number of levels of this place that you have seen.
                   A       B       C       D       E      F
               +-------+-------+-------+-------+-------+----------------------
         Total | 100.0 | 100.0 |  -nan |  -nan | 100.0 |  64.0
       Dungeon | 100.0 | 100.0 |  -nan |  -nan | 100.0 |  64.0
               +-------+-------+-------+-------+-------+----------------------

Vanquished Creatures
  A gnoll shaman (D)
  A gnoll (D)
  3 giant cockroaches (D)
  A hobgoblin (D)
  A giant gecko zombie (D)
  A giant newt (D)
  A rat (D)
9 creatures vanquished.
